 Dungeon Crawl Stone Soup version 0.20.0-8-g6b59dc7 (webtiles) character file.

49 Chiseanne the Vexing (level 3, 0/20 HPs)
             Began as a Deep Elf Arcane Marksman on June 2, 2017.
             Slain by a gnoll
             ... wielding a +0 spear
              (5 damage)
             ... on level 1 of the Dungeon.
             The game lasted 00:03:11 (1094 turns).

Chiseanne the Vexing (Deep Elf Arcane Marksman)     Turns: 1094, Time: 00:03:11

Health: 0/20       AC:  2    Str:  8    XL:     3   Next: 53%
Magic:  7/8        EV: 13    Int: 17    God:
Gold:   79         SH:  0    Dex: 15    Spells: 5/6 levels left

rFire    . . .     SeeInvis .   w - +0 hand crossbow
rCold    . . .     Gourm    .   (no shield)
rNeg     . . .     Faith    .   e - +0 robe
rPois    .         Spirit   .   (no helmet)
rElec    .         Reflect  .   (no cloak)
rCorr    .         Harm     .   (no gloves)
MR       .....                  (no boots)
Stlth    +.........             (no amulet)
Regen    0.1/turn               (no ring)
MPRegen  0.2/turn               (no ring)

@: no status effects
A: no striking features
a: no special abilities


You were on level 1 of the Dungeon.
You were hungry.

You visited 1 branch of the dungeon, and saw 2 of its levels.

You collected 79 gold pieces.

Inventory:

Hand Weapons
 n - a +0 dagger
 o - a +0 spear
 w - a +0 hand crossbow (weapon)
Missiles
 d - 3 bolts (quivered)
 g - 33 stones
 i - 31 arrows
 r - 17 sling bullets
Armour
 e - a +0 robe (worn)
Scrolls
 b - 3 scrolls of identify {unknown}
 j - a scroll of magic mapping {unknown}
 m - a scroll of blinking {unknown}
 s - a scroll of teleportation {unknown}
Potions
 h - a potion of magic {unknown}
 k - 2 potions of invisibility {unknown}
Books
 c - a book of Debilitation

   Spells                             Type                      Level
   a - Corona                         Hexes                        1
   b - Slow                           Hexes                        2
   c - Inner Flame                    Hexes/Fire                   3
   d - Portal Projectile              Hexes/Translocation          3
   e - Cause Fear                     Hexes                        4
   f - Leda's Liquefaction            Hexes/Earth                  4
Comestibles
 f - 2 bread rations
 l - 4 fruits
 p - a royal jelly


   Skills:
 * Level 1.5 Fighting
 * Level 2.2 Crossbows
 * Level 3.3 Dodging
 * Level 2.4 Spellcasting
 - Level 4.0 Hexes


You had 5 spell levels left.
You knew the following spells:

 Your Spells              Type           Power        Failure   Level  Hunger
a - Corona                Hex            ###....      3%          1    #......


Dungeon Overview and Level Annotations

Branches:
Dungeon (2/15)

Altars:


Message History

Aim: a bat You shoot a bolt.
The bolt hits the bat!
You kill the bat!
The goblin misses you.
All of the chunks of flesh in your inventory have rotted away.
Casting: Corona
Confirm with . or Enter, or press ? or * to list all spells.
Aiming: Corona
Press: ? - help, Shift-Dir - straight line, f - goblin
Aim: a goblin, wielding a dagger (chance to defeat MR: 69%)
The goblin is outlined in light.
The goblin hits you but does no damage.
Unknown command.
Firing (i - inventory. (,) - cycle):
d - 4 bolts (quivered)
Press: ? - help, Shift-Dir - straight line, f/p - goblin
Aim: a goblin, wielding a dagger (softly glowing)
You shoot a bolt. The bolt hits the goblin.
The goblin is severely wounded.
The goblin hits you but does no damage.
The gnoll hits you from afar with a spear.
You die...

#.# #..#...##
#.# #.#
#..##.## #.#
#.# #..##.#
#.# #.#
##..##.## #.#
#.# ##.......#
#.#
#.###.###.#..#
#.# #.##.##
##...#####.#
#.gg.#
#.........#
####@##
##...#######
##.###.#..####
##..........#
######..##.#
###..##.#
#...#.#.##
#..###...## #
##.## ##.>.###
#.## ##.....


You could see a gnoll and a goblin.

Vanquished Creatures
  A gnoll (D:2)
  An ooze (D:2)
  2 bats (D:1)
  3 giant cockroaches (D:1)
  5 goblins
  5 hobgoblins
  6 jackals
  2 frilled lizards (D:1)
  5 kobolds
30 creatures vanquished.

Notes
Turn   | Place    | Note
-------+----------+-------------------------------------------
     0 | D:1      | Chiseanne the Deep Elf Arcane Marksman began the quest for the Orb.
     0 | D:1      | Reached XP level 1. HP: 11/11 MP: 5/5
   100 | D:1      | Reached skill level 1 in Fighting
   100 | D:1      | Reached XP level 2. HP: 14/16 MP: 6/6
   815 | D:2      | Reached XP level 3. HP: 20/20 MP: 6/8
  1094 | D:1      | Slain by a gnoll

Skill      XL: |  1  2 |
---------------+-------+-----
Crossbows      | 2 |  2.2
Fighting       | 1 |  1.5
Spellcasting   | 2 |  2.4
Dodging        | 3 |  3.3
Hexes          | |  4.0

Action                   || total
-------------------------++-------
Melee: Spear             ||     3
 Fire: Hand crossbow     ||    75
Throw: Stone             ||     1
 Cast: Corona            ||    11
  Use: Potion            ||     1
Armor: Robe              ||     5
Dodge: Dodged            ||    28
